 Dungeon Crawl Stone Soup version 0.29.1-13-g9f3cf754e1 (webtiles) character file.

Game seed: 15548769844107896919

24 Exodus22XD the Trooper (level 2, 25/27 HPs)
             Began as a Minotaur Fighter on Feb 4, 2023.
             Was an Initiate of Ashenzari.
             Quit the game on level 1 of the Dungeon.
             The game lasted 00:01:02 (229 turns).

Exodus22XD the Trooper (Minotaur Fighter)            Turns: 229, Time: 00:01:02

Health: 25/27      AC:  7    Str: 20    XL:     2   Next: 79%
Magic:  1/1        EV:  9    Int:  5    God:    Ashenzari [......]
Gold:   23         SH:  4    Dex:  9    Spells: 1/1 levels left

rFire   . . .      SeeInvis .   a - +0 war axe
rCold   . . .      Faith    .   c - +0 buckler
rNeg    . . .      Spirit   .   b - +0 scale mail
rPois   .          Reflect  .   (helmet restricted)
rElec   .          Harm     .   (no cloak)
rCorr   .          Rampage  .   (no gloves)
Will    .....                   (no boots)
Stlth   ..........              (no amulet)
HPRegen 0.09/turn               (no ring)
MPRegen 0.07/turn               (no ring)

@: no status effects
A: horns 2, retaliatory headbutt
a: Renounce Religion


You were on level 1 of the Dungeon.
You worshipped Ashenzari.
Ashenzari was noncommittal.
You visited 1 branch of the dungeon, and saw 1 of its levels.

You collected 23 gold pieces.

Inventory:

Hand Weapons
 a - a +0 war axe (weapon)
Armour
 b - a +0 scale mail (worn)
 c - a +0 buckler (worn)
Potions
 d - a potion of might
 e - a potion of curing {unknown}


   Skills:
 + Level 4.1 Fighting
 + Level 2.6 Axes
 + Level 4.0 Armour
 + Level 4.0 Shields


You had one spell level left.
You didn't know any spells.
Your spell library was empty.

Dungeon Overview and Level Annotations

Branches:
Dungeon (1/15)

Altars:
Ashenzari


Innate Abilities, Weirdness & Mutations

You have a pair of horns on your head.
You reflexively headbutt those who attack you in melee.


Message History

You hit the hobgoblin but do no damage. You hit the plant.
The plant begins to die.
You hit the fungus.
The fungus begins to die.
You hit the plant.
The plant begins to die.
The hobgoblin closely misses you.
The ball python bites you but does no damage.
The ball python barely misses you.
You barely miss the ball python. You slash the fungus! You hit the hobgoblin.
You slash the plant! You hit the plant.
The hobgoblin hits you but does no damage.
The ball python barely misses you. You furiously retaliate!
You headbutt the ball python!
You kill the ball python!
The hobgoblin misses you.
A nearby fungus withers and dies.
You slash the hobgoblin!
You kill the hobgoblin!
You hit the plant.
The plant begins to die.
You hit the plant.
The plant begins to die.
A nearby plant withers and dies. x2
The bat barely misses you.
You hit the bat.
You kill the bat!
You hit the plant. You slash the plant!
No target in view!
No target in view!
A nearby plant withers and dies.
An endoplasm comes into view.
A nearby plant withers and dies.
Found a stone.
There is a faded altar of an unknown god here.
You cannot tell which god this altar belongs to.
Convert to them anyway?
Ashenzari accepts your prayer! Ashenzari welcomes you!
Ashenzari warns you of distant threats and treasures.
Ashenzari reveals the structure of the dungeon to you.
Ashenzari shows you where magical portals lie.
Unknown command.
Press < or > to pray at altars.
You offer a prayer to Ashenzari.
Unknown command.
Press < or > to pray at altars.
Unknown command.
Press < or > to pray at altars.
Are you sure you want to abandon this character and quit the game? (Confirm with "yes".)

#..##.P.##.############
#..P....#...........†
###.PP.?..#..##########
#.#.PP..†.#..#
#.........#.#
#....P....#.#
#...P.....#.#
#...P....(#.#
#####@#####.#
#.P..J....# #..P......#
#PP..PP.P.# #.P.......#
#.#..P...P#..
###P.(....####
#....P.P#


You could see an endoplasm.

Vanquished Creatures
  2 ball pythons (D:1)
  2 goblins (D:1)
  3 hobgoblins (D:1)
  4 jackals (D:1)
  3 kobolds (D:1)
  4 bats (D:1)
  4 rats (D:1)
22 creatures vanquished.

Vanquished Creatures (others)
  A demonic plant (D:1)
  2 fungi (D:1)
  4 plants (D:1)
7 creatures vanquished.

Grand Total: 29 creatures vanquished

Notes
Turn   | Place    | Note
-------+----------+-------------------------------------------
     0 | D:1      | Exodus22XD the Minotaur Fighter began the quest for the
                  | Orb.
     0 | D:1      | Reached XP level 1. HP: 19/19 MP: 0/0
    26 | D:1      | Reached XP level 2. HP: 24/27 MP: 1/1
   207 | D:1      | Found a faded altar of an unknown god.
   228 | D:1      | Prayed at the altar of an unknown god.
   228 | D:1      | Became a worshipper of Ashenzari the Shackled
   229 | D:1      | Quit the game

Illustrated notes

Levels and vault maps discovered:
D:1:      lemuel_arrival_broad_hall, layout_basic, shapermc_ecumenical_altar_gd

Skill      XL: |  1  2 |
---------------+-------+-----
Fighting       | 4 |  4.1
Shields        | 4 |  4.0
Armour         | 4 |  4.0
Axes           | |  2.6

Action                   || total
-------------------------++-------
Melee: War axe           ||    37
       Headbutt          ||    10
Armor: Scale mail        ||    19
Dodge: Dodged            ||    20
Block: Buckler           ||     3
